 Dungeon Crawl Stone Soup version 0.22-a0-833-g8522bf8 (webtiles) character file.

2 Goblin1989 the Vexing (level 1, -1/13 HPs)
             Began as a Demonspawn Enchanter on July 25, 2018.
             Slain by a jackal (2 damage)
             ... on level 1 of the Dungeon.
             The game lasted 00:00:46 (70 turns).

Goblin1989 the Vexing (Demonspawn Enchanter)          Turns: 70, Time: 00:00:46

Health: -1/13      AC:  2    Str:  8    XL:     1   Next: 25%
Magic:  3/3        EV: 12    Int: 16    God:
Gold:   0          SH:  0    Dex: 13    Spells: 3/4 levels left

rFire    . . .     SeeInvis .   a - +1 dagger
rCold    . . .     Gourm    .   (no shield)
rNeg     . . .     Faith    .   b - +0 robe
rPois    .         Spirit   .   (no helmet)
rElec    .         Reflect  .   (no cloak)
rCorr    .         Harm     .   (no gloves)
MR       .....                  (no boots)
Stlth    ++........             (no amulet)
HPRegen  0.04/turn              (no ring)
MPRegen  0.08/turn              (no ring)

@: no status effects
A: no striking features
a: no special abilities


You were on level 1 of the Dungeon.
You were not hungry.

You visited 1 branch of the dungeon, and saw 1 of its levels.

Inventory:

Hand Weapons
 a - a +1 dagger (weapon)
Armour
 b - a +0 robe (worn)
Comestibles
 e - a ration
 f - a chunk of flesh


   Skills:
 + Level 1.1 Short Blades
 - Level 1.7 Dodging
 - Level 2.6 Stealth
 - Level 2.0 Spellcasting
 - Level 3.0 Hexes


You had 3 spell levels left.
You knew the following spells:

 Your Spells              Type           Power        Failure   Level  Hunger
a - Corona                Hex            ##.....      6%          1    #......

Your spell library contained the following spells:

 Spells                   Type           Power        Failure   Level  Hunger
 Confuse                  Hex            ##......     19%         3    ###....
 Tukima's Dance           Hex            ##......     19%         3    ###....
 Ensorcelled Hibernation  Hex/Ice        #.....       17%         2    ###....
 Dazzling Spray           Conj/Hex       #.....       32%         3    ###....


Dungeon Overview and Level Annotations

Branches:
Dungeon (1/15)

Altars:


Message History

The helpless rat fails to defend itself.
You puncture the rat!
You kill the rat!
Your Short Blades skill increases to level 1!
Unknown command.
Unknown command.
You butcher the rat corpse.
f - a chunk of flesh You open the door.
There is an open door here.
A jackal comes into view.
The jackal barks!
The jackal moves out of view.
A jackal comes into view.
A jackal is nearby!
A jackal is nearby!
The jackal moves out of view.
The jackal barks!
You barely miss the jackal. The jackal bites you. The jackal barely misses you.
You take 1 damage, and have 12/13 hp.
You completely miss the jackal. The jackal bites you.
A frilled lizard comes into view.
The jackal bites you.
The jackal bites you but does no damage.
You take 2 damage, and have 10/13 hp.
The frilled lizard hisses angrily.
You hit the jackal but do no damage.
The jackal bites you but does no damage.
The jackal closely misses you.
You hit the jackal.
The jackal is moderately wounded.
The jackal bites you.
The jackal bites you but does no damage. x2
You take 1 damage, and have 9/13 hp.
You barely miss the jackal.
The jackal is moderately wounded.
The jackal completely misses you. The jackal misses you. The jackal bites you.
You take 2 damage, and have 7/13 hp.
You are too injured to fight recklessly!
You are too injured to fight recklessly!
You are too injured to fight recklessly!
You are too injured to fight recklessly!
You are too injured to fight recklessly!
You are too injured to fight recklessly!
You are too injured to fight recklessly!
You are too injured to fight recklessly!
You are too injured to fight recklessly!
You are too injured to fight recklessly!
You are too injured to fight recklessly!
The jackal bites you but does no damage.
The jackal barely misses you.
The jackal bites you but does no damage.
The jackal bites you. The jackal barely misses you.
You take 1 damage, and have 7/13 hp.
You open the door. The jackal bites you.
* * * LOW HITPOINT WARNING * * *
The jackal barely misses you.
You take 2 damage, and have 5/13 hp.
The jackal misses you. The jackal bites you.
* * * LOW HITPOINT WARNING * * *
There is an open door here.
You take 1 damage, and have 4/13 hp.
You hit the jackal but do no damage. The jackal misses you.
You hit the jackal but do no damage.
The jackal is moderately wounded.
You hit the jackal but do no damage.
The jackal is moderately wounded.
The jackal closely misses you.
You closely miss the jackal.
The jackal is moderately wounded.
The jackal bites you.
* * * LOW HITPOINT WARNING * * *
The jackal barely misses you.
You take 1 damage, and have 3/13 hp.
You hit the jackal.
The jackal is heavily wounded.
The jackal misses you.
You hit the jackal but do no damage.
The jackal is heavily wounded.
The jackal bites you but does no damage.
You hit the jackal but do no damage.
The jackal is heavily wounded.
The jackal barely misses you. The jackal bites you.
* * * LOW HITPOINT WARNING * * *
You hit the jackal but do no damage.
The jackal is heavily wounded.
The jackal barely misses you.
You take 1 damage, and have 2/13 hp.
Unknown command.
You hit the jackal.
You kill the jackal!
You closely miss the jackal.
The jackal bites you but does no damage.
You hit the jackal but do no damage. The jackal bites you.
* * * LOW HITPOINT WARNING * * *
The jackal bites you but does no damage.
You take 1 damage, and have 1/13 hp.
You hit the jackal but do no damage. The jackal misses you.
You hit the jackal but do no damage. The jackal bites you.
You die...

█.................
█.................
█....██...........█
█....██...........▲
█....██...........█
█....████∆█........
█.█l██ █.███████.█ █.█h█
█.█ █.█
█.█@█████.███████.██
........................
....█.██........█████.██
.. █...........█ █.█ █
█.........█ █.█
█.███...███ █.█ █
.....███████.█
████..........█
..██████.███


You could see a jackal and a frilled lizard.

Vanquished Creatures
  A jackal (D:1)
  A rat (D:1)
2 creatures vanquished.

Notes
Turn   | Place    | Note
-------+----------+-------------------------------------------
     0 | D:1      | Goblin1989 the Demonspawn Enchanter began the quest for the Orb.
     0 | D:1      | Reached XP level 1. HP: 13/13 MP: 3/3
    24 | D:1      | Reached skill level 1 in Short Blades
    70 | D:1      | Slain by a jackal

Vault maps used:
D:1:      minmay_arrival_arboretum_small, minmay_unequal

Skill      XL: |  1 |
---------------+----+-----
Short Blades   | 1 |  1.1
Dodging        | |  1.7
Stealth        | |  2.6
Spellcasting   | |  2.0
Hexes          | |  3.0

Action                   || total
-------------------------++-------
Melee: Dagger            ||    19
 Stab: Sleeping          ||     1
Armor: Robe              ||     9
Dodge: Dodged            ||    15

Table legend:
 A = Spawn XP
 B = Non-spawn XP
 C = Spawn XP percentage of total XP
 D = Spawn monster count
 E = Non-spawn monster count
 F = Spawn count percentage of total count
 G = Total turns spent on level
                    A         B        C        D         E        F      G
               +---------+---------+-------+---------+---------+-------+---------
         Total |       0 |       3 |   0.0 |       0 |       2 |   0.0 |    70
               +---------+---------+-------+---------+---------+-------+---------
           D:1 |       0 |       3 |   0.0 |       0 |       2 |   0.0 |    70
               +---------+---------+-------+---------+---------+-------+---------

Vault maps used:
D:1:      minmay_arrival_arboretum_small, minmay_unequal
